 Dungeon Sprint DCSS version 0.28-a0-998-gb9e9c7b67e (webtiles) character file.

Game seed: 13130228888420817228

1110 mhtbhm the Spear-Bearer (level 8, 0/82 HPs)
             Began as a White Draconian Berserker on Dec 5, 2021.
             Was an Elder of Trog.
             Hit by a large rock thrown by a cyclops (36 damage)
             ... in the Dungeon (Sprint IX: "|||||||||||||||||||||||||||||").
             The game lasted 00:01:21 (474 turns).

mhtbhm the Spear-Bearer (White Draconian Berserker)  Turns: 474, Time: 00:01:22

Health: 0/82       AC:  8    Str: 21    XL:     8   Next: 11%
Magic:  8/8        EV: 17    Int: 10    God:    Trog [****..]
Gold:   0          SH:  0    Dex: 12    Spells: 7/7 levels left

rFire   . . .      SeeInvis .   a - +2 halberd (venom)
rCold   + . .      Faith    .   (shield currently unavailable)
rNeg    . . .      Spirit   .   (armour unavailable)
rPois   .          Reflect  .   (helmet restricted)
rElec   .          Harm     .   k - +0 cloak
rCorr   .          Rampage  .   (no gloves)
Will    .....      NoTele   +   l - +0 pair of boots
Stlth   ++........              (no amulet)
HPRegen 0.23/turn               m - +3 ring of intelligence
MPRegen 0.11/turn               n - +2 ring of evasion

@: short of breath, on berserk cooldown, slowed, very slow
A: breathe frost, AC +6, unfitting armour, cold resistance 1, cold-blooded
a: Breathe Frost, Renounce Religion, Berserk, Trog's Hand, Brothers in Arms


You were in the Dungeon.
You worshipped Trog.
Trog was greatly pleased with you.
You visited 1 branch

Inventory:

Hand Weapons
 a - a +2 halberd of venom (weapon)
 j - the +10 zealot's sword {holy, *Rage rN+ EV+3}
   (You found it in the Dungeon)

   It has been blessed by the Shining One to cause great damage to the undead
   and demons.
   Whenever the wielder enters a berserk rage, their allies are berserked
   alongside them.
   EV:        It affects your evasion (+3).
   rN:        It protects you from negative energy.
   *Rage:     It berserks you when you make melee attacks (+20% chance).
Armour
 k - a +0 cloak (worn)
 l - a +0 pair of boots (worn)
Jewellery
 m - a +3 ring of intelligence (left hand)
 n - a +2 ring of evasion (right hand)
Wands
 i - a wand of acid (10)
Scrolls
 g - 2 scrolls of blinking
Potions
 b - 5 potions of curing
 c - 2 potions of heal wounds
 d - a potion of haste
 e - 4 potions of magic
 f - a potion of berserk rage
 h - a potion of invisibility


   Skills:
 + Level 11.0 Fighting
 + Level 11.8 Polearms
 + Level 9.4 Dodging
 + Level 1.2 Stealth


You had 7 spell levels left.
You didn't know any spells.
Your spell library was empty.

Dungeon Overview and Level Annotations

Branches:
Dungeon (1/1)

Altars:
Cheibriados
Dithmenos
Elyvilon
Fedhas
Gozag
Hepliaklqana
Kikubaaqudgha
Makhleb
Nemelex Xobeh
Okawaru
Qazlal
Ru
Sif Muna
Trog
Uskayaw
Vehumet
Wu Jian
Xom
Yredelemnul
Zin
The Shining One
Beogh
Jiyva
Lugonu


Innate Abilities, Weirdness & Mutations

You can breathe waves of freezing cold which knock back foes.
Your icy white scales are hard. (AC +6)
You cannot fit into any form of body armour.
Your flesh is cold resistant. (rC+)
You are cold-blooded and may be slowed by cold attacks.


Message History

You feel agile.
You reach to attack!
You miss the tengu warrior.
The tengu warrior is lightly wounded.
You reach to attack!
You closely miss the tengu warrior.
The tengu warrior is lightly wounded.
The tengu warrior shoots a bolt.
The bolt hits you!!
You reach to attack!
You slice the tengu warrior!!
The tengu warrior is poisoned.
The tengu warrior is heavily wounded.
You reach to attack!
You barely miss the tengu warrior.
The tengu warrior is heavily wounded.
You hit the tengu warrior.
Your tail-slap misses the tengu warrior.
The tengu warrior is heavily wounded.
The tengu warrior unwields a +0 arbalest.
The tengu warrior wields a +0 bardiche.
The tengu warrior misses you. The tengu warrior barely misses you.
The tengu warrior claws you.
You hit the tengu warrior.
The tengu warrior is severely wounded.
You are no longer berserk.
You are exhausted.
You feel yourself slow down.
The tengu conjurer mumbles some strange words.
The tengu conjurer blinks!
Unknown command.
You puncture the tengu warrior!
The tengu warrior looks as sick as possible!
The tengu warrior is almost dead.
The tengu warrior barely misses you. The tengu warrior pecks you.
The tengu warrior closely misses you.
The tengu warrior hits you with a +0 bardiche.
The tengu warrior pecks you.
The tengu warrior claws you but does no damage.
You impale the tengu warrior!!
You kill the tengu warrior!
Trog accepts your kill. The tengu conjurer closely misses you.
The tengu conjurer barely misses you. The tengu conjurer claws you.
The cyclops throws a large rock.
The large rock hits you!!!
You die... ▓▓▓▓▓▓▓▓▓▓▓▓▓▓▓▓▓▓▓▓▓▓▓▓ '.?)...[..†....Q@)*C{... ▓▓▓▓▓▓▓▓▓▓▓▓▓▓▓▓▓▓▓▓▓▓▓▓

You could see a cyclops, a tengu conjurer and a battlesphere.

Vanquished Creatures
  A tengu warrior (D)
  An unseen horror (D)
  A yak (D)
  3 vampire mosquitoes (D)
  A basilisk (D)
  A sky beast (D)
  2 howler monkeys (D)
  A gnoll (D)
  An orc (D)
  An endoplasm (D)
  A hobgoblin (D)
  2 jackals (D)
  A kobold (D)
  A ball python (D)
  A quokka zombie (D)
19 creatures vanquished.

Notes
Turn   | Place    | Note
-------+----------+-------------------------------------------
     0 | D        | mhtbhm the Draconian Berserker began the quest for the Orb.
     0 | D        | Reached XP level 1. HP: 19/19 MP: 1/1
    16 | D        | Reached ** piety under Trog
   142 | D        | Noticed a howler monkey
   142 | D        | Noticed a sky beast
   146 | D        | Reached XP level 2. HP: 27/27 MP: 2/2
   149 | D        | Reached *** piety under Trog
   155 | D        | Killed a howler monkey
   156 | D        | Reached skill level 5 in Fighting
   156 | D        | Reached skill level 5 in Polearms
   156 | D        | Reached XP level 3. HP: 37/37 MP: 3/3
   161 | D        | Killed a sky beast
   162 | D        | Reached skill level 5 in Dodging
   162 | D        | Reached XP level 4. HP: 43/47 MP: 4/4
   162 | D        | Reached XP level 5. HP: 48/52 MP: 5/5
   168 | D        | Found a snail-covered altar of Cheibriados.
   168 | D        | Found a shadowy altar of Dithmenos.
   168 | D        | Found a white marble altar of Elyvilon.
   168 | D        | Found a blossoming altar of Fedhas.
   168 | D        | Found an opulent altar of Gozag.
   169 | D        | Found a hazy altar of Hepliaklqana.
   170 | D        | Found a viscous altar of Jiyva.
   171 | D        | Found an ancient bone altar of Kikubaaqudgha.
   172 | D        | Found a corrupted altar of Lugonu.
   173 | D        | Found a burning altar of Makhleb.
   174 | D        | Found a sparkling altar of Nemelex Xobeh.
   175 | D        | Found an iron altar of Okawaru.
   176 | D        | Found a stormy altar of Qazlal.
   177 | D        | Found a sacrificial altar of Ru.
   178 | D        | Found a shimmering blue altar of Sif Muna.
   179 | D        | Found a bloodstained altar of Trog.
   180 | D        | Found a hide-covered altar of Uskayaw.
   181 | D        | Found a radiant altar of Vehumet.
   182 | D        | Found an ornate altar of the Wu Jian Council.
   183 | D        | Found a shimmering altar of Xom.
   184 | D        | Found a basalt altar of Yredelemnul.
   185 | D        | Found a glowing silver altar of Zin.
   186 | D        | Found a glowing golden altar of the Shining One.
   194 | D        | Found the +10 zealot's sword {holy, *Rage rN+ EV+3}
   289 | D        | Noticed a yak
   289 | D        | Noticed a vampire mosquito
   289 | D        | Noticed a vampire mosquito
   292 | D        | Killed a yak
   293 | D        | Reached XP level 6. HP: 62/62 MP: 6/6
   297 | D        | Killed a vampire mosquito
   297 | D        | Reached **** piety under Trog
   299 | D        | Killed a vampire mosquito
   300 | D        | Reached skill level 10 in Polearms
   300 | D        | Reached skill level 1 in Stealth
   300 | D        | Your scales start taking on an icy white colour.
   300 | D        | Reached XP level 7. HP: 48/71 MP: 7/7
   300 | D        | Gained mutation: Your flesh is cold resistant. (rC+) [White
                  | Draconian growth]
   314 | D        | Killed an unseen horror
   315 | D        | Reached skill level 10 in Fighting
   452 | D        | Noticed a vampire mosquito
   452 | D        | Noticed a basilisk
   452 | D        | Noticed a tengu conjurer
   452 | D        | Noticed a tengu warrior
   452 | D        | Noticed a cyclops
   452 | D        | Noticed a vampire
   462 | D        | Killed a vampire mosquito
   466 | D        | Killed a basilisk
   467 | D        | Reached XP level 8. HP: 82/82 MP: 8/8
   474 | D        | Killed a tengu warrior
   474 | D        | Hit by a large rock thrown by a cyclops

Illustrated notes

Levels and vault maps discovered:
D:        linesprint [early_d, line_temple, items_1, d_10, items_2, lair_1,
          lair_end, items_3, orc_1, orc_end, items_4, d_15, swamp_1, shoals_1,
          snake_1, spider_1, d_20, vaults_1, items_5, swamp_end, shoals_end,
          snake_end, spider_end, vaults_end, d_27, items_6, zot_1, zot_end,
          crypt_end, forest_end, elf_end, slime_end, tomb_end, abyss_end,
          pan_hell_end]

Skill      XL: |  1  2  3  4  5  6  7 |
---------------+----------------------+-----
Dodging        | 3 4 5 7 8 9 |  9.4
Fighting       | 4 5 7 8 9 11 | 11.0
Polearms       | 5 7 8 10 11 | 11.8
Stealth        | 1 |  1.2

Action                   |  1- 3 |  4- 6 |  7- 9 || total
-------------------------+-------+-------+-------++-------
Melee: Spear             |    34 |       |       ||    34
       Tailslap          |     2 |     3 |     5 ||    10
       Halberd           |       |     9 |    30 ||    39
Invok: Berserk           |     2 |     1 |     1 ||     4
       Brothers in Arms  |       |       |     1 ||     1
 Abil: Breathe Frost     |       |       |     1 ||     1
  Use: Potion            |       |       |     1 ||     1
Armor: Skin              |     4 |       |    11 ||    15
Dodge: Dodged            |     9 |     3 |    20 ||    32

Table legend: (Time is in decaauts)
 A = Elapsed time spent in this place.
 B = Non-inter-level travel time spent in this place.
 C = Inter-level travel time spent in this place.
 D = Time resting spent in this place.
 E = Time spent auto-exploring this place.
 F = Levels seen in this place.
 G = Mean time per level.
                   A        B        C        D        E       F      G
               +--------+--------+--------+--------+--------+-----+--------+
         Total |    493 |    493 |      0 |    311 |      3 |   1 |  493.0 |
       Dungeon |    493 |    493 |      0 |    311 |      3 |   1 |  493.0 |
               +--------+--------+--------+--------+--------+-----+--------+

Top non-repeatable levels by time:
       D: 493 daAuts
